 Dungeon Crawl Stone Soup version 0.28.0 (webtiles) character file.

Game seed: 194761270137972738

1321 BeingJoeMalik the Arsonist (level 8, -2/64 HPs)
             Began as a Naga Fire Elementalist on Feb 13, 2022.
             Was an Initiate of Hepliaklqana.
             Slain by a hornet zombie (9 damage)
             ... on level 6 of the Dungeon.
             The game lasted 00:23:57 (7057 turns).

BeingJoeMalik the Arsonist (Naga Fire Elementalist) Turns: 7057, Time: 00:23:58

Health: -2/64      AC:  6    Str: 15    XL:     8   Next: 59%
Magic:  2/11       EV:  9    Int: 17    God:    Hepliaklqana [......]
Gold:   152        SH:  0    Dex: 11    Spells: 4/11 levels left

rFire   + . .      SeeInvis +   j - +7 great mace "Undeadhunter" {disrupt, rN+}
rCold   . . .      Faith    .   (shield currently unavailable)
rNeg    + + +      Spirit   .   a - +0 robe
rPois   +          Reflect  .   t - +0 helmet
rElec   +          Harm     .   h - +1 cloak
rCorr   .          Rampage  .   (no gloves)
Will    +....      Clarity  +   (no barding)
Stlth   ++........              (no amulet)
HPRegen 0.20/turn               d - ring of protection from fire
MPRegen 0.12/turn               v - ring "Plog" {rElec rN+++ Str+3 Slay-6 SInv}

@: brilliant, hasted (expiring), quick
A: AC +2, large, see invisible, deformed body, poison resistance, slowness 2,
spit poison 1, naga tail 1, clarity, wild magic 1
a: Spit Poison, Renounce Religion


You were on level 6 of the Dungeon.
You worshipped Hepliaklqana.
Hepliaklqana was noncommittal.
You visited 2 branches of the dungeon, and saw 7 of its levels.

You collected 152 gold pieces.

Inventory:

Hand Weapons
 c - a +1 dagger of speed
 i - a +1 whip of venom
 j - the +7 great mace "Undeadhunter" (weapon) {disrupt, rN+}
   (You found it on level 4 of the Dungeon)

   It inflicts significantly more damage against the undead.
   rN:        It protects you from negative energy.
Missiles
 f - a throwing net
 l - 25 poisoned darts (quivered)
Armour
 a - a +0 robe (worn)
 g - an orb of energy
 h - a +1 cloak (worn)
 t - a +0 helmet (worn)
Jewellery
 d - a ring of protection from fire (left hand)
 o - the ring "Wufruext" {Ice *Corrode rN+ Int+2}
   (You found it on level 2 of the Dungeon)

   [ring of ice]

   It enhances your ice magic.
   Int:       It affects your intelligence (+2).
   rF:        It makes you vulnerable to fire.
   rC:        It protects you from cold.
   rN:        It protects you from negative energy.
   *Corrode:  It may corrode you when you take damage.
 v - the ring "Plog" (right hand) {rElec rN+++ Str+3 Slay-6 SInv}
   (You found it on level 3 of the Dungeon)

   [ring of see invisible]

   Str:       It affects your strength (+3).
   Slay:      It affects your accuracy & damage with ranged weapons and melee
   (-6).
   rElec:     It insulates you from electricity.
   rN:        It renders you almost immune to negative energy.
   SInv:      It lets you see invisible.
Wands
 q - a wand of polymorph (10)
Scrolls
 e - 3 scrolls of amnesia
 n - a scroll of summoning
 p - a scroll of teleportation
 s - a scroll of magic mapping
 x - a scroll of identify
Potions
 b - 2 potions of curing
 k - a potion of brilliance
 r - a potion of attraction
 w - a potion of resistance
 A - a potion of mutation
 B - a potion of haste


   Skills:
 * Level 1.0 Fighting
 - Level 1.5 Dodging
 - Level 3.0 Stealth
 - Level 2.0 Spellcasting
 + Level 4.9 Conjurations
 * Level 3.9 Summonings
 + Level 8.0 Fire Magic
 - Level 1.7 Evocations


You had 4 spell levels left.
You knew the following spells:

 Your Spells              Type           Power      Damage    Failure   Level
a - Foxfire               Conj/Fire      100%       2x1d9     2%          1
b - Scorch                Fire           100%       2d10      2%          2
c - Call Canine Familiar  Summ           29%        N/A       17%         3
d - Animate Skeleton      Necr           6%         N/A       26%         1

Your spell library contained the following spells:

 Spells                   Type           Power      Damage    Failure   Level
 Summon Small Mammal      Summ           100%       N/A       6%          1
 Conjure Flame            Conj/Fire      46%        6-21      7%          3
 Inner Flame              Hex/Fire       30%        N/A       16%         3
 Flame Wave               Conj/Fire      46%        2d10      21%         4
 Apportation              Tloc           6%         N/A       26%         1
 Summon Guardian Golem    Hex/Summ       16%        N/A       34%         3


Dungeon Overview and Level Annotations

Branches:
Dungeon (6/15)             Temple (1/1) D:6

Altars:
Ashenzari
Cheibriados
Elyvilon
Fedhas
Hepliaklqana
Kikubaaqudgha
Nemelex Xobeh
Okawaru
Qazlal
Ru
Sif Muna
Trog
Uskayaw
Vehumet
Wu Jian
Xom
Zin
The Shining One

Shops:
D:5 (


Innate Abilities, Weirdness & Mutations

Your serpentine skin is tough. (AC +2)
You have supernaturally acute eyesight. (SInv)
Armour fits poorly on your strangely shaped body.
Your system is resistant to poisons. (rPois)
You cover ground very slowly.
You can spit poison.
You have a snake-like lower body.
You possess an exceptional clarity of mind.
Your spells are a little harder to cast, but a little more powerful.


Message History

* * * LOW HITPOINT WARNING * * *
Casting: Foxfire (safe; 2% risk of failure)
Confirm with . or Enter, or press ? or * to list all spells.
You feel a surge of power!
Flames lash the hornet zombie.
The hornet zombie is heavily damaged.
The hornet zombie's fire resistance burns away.
The hornet zombie hits you.
* * * LOW HITPOINT WARNING * * *
Your extra speed is starting to run out.
The hornet zombie hits you but does no damage.
Keep disrobing? [Y]es or [N]o only, please.
Keep disrobing?
You start removing your armour.
You continue taking off your orb of energy.
The hornet zombie hits you but does no damage.
You continue taking off your orb of energy. x2
The hornet zombie hits you!
* * * LOW HITPOINT WARNING * * *
You continue taking off your orb of energy.
The hornet zombie hits you but does no damage.
You finish taking off your orb of energy.
Your +1 whip of venom stops dripping with poison.
j - the +7 great mace "Undeadhunter" (weapon)
{disrupt, rN+} The hornet zombie hits you!
* * * LOW HITPOINT WARNING * * *
Unknown command.
Unknown command.
You hit the hornet zombie.
The hornet zombie is blasted by disruptive energy.
The hornet zombie is heavily damaged.
The hornet zombie is no longer more vulnerable to fire.
The hornet zombie hits you.
* * * LOW HITPOINT WARNING * * *
Unknown command.
You feel better.
You feel less wooden.
Your +1 cloak unmelds from your body.
Your +0 helmet unmelds from your body.
Your +0 robe unmelds from your body.
The hornet zombie hits you!
You die...

.....# ##+## #.#......# .###.#
##...## #.##.###.### .###.#
##.....###.##.......#
..[..#####.......##.##..##.#.#
.#......#........#############
........'........# #...
.#...##.#...?....## #.!#
.##.###.##.......#.#J.#
........###.....@##††#
###.##..# ##..[#Z#..# #.##..#
##+##...## #>##..# ###..#
#.(...# ##..# ####.## #..# #.#
#..# #.. #... ### ###


You could see a hornet zombie.

Vanquished Creatures
  A necrophage (D:4)
  4 ogres
  A phantom (D:6)
  A kobold brigand (D:6)
  2 bullfrogs (D:6)
  A hound (D:6)
  A jelly (D:6)
  An orc priest (D:5)
  2 gnoll shamans
  Terence (D:2)
  2 iguanas
  4 orc wizards
  2 hound skeletons (D:5)
  6 adders
  12 gnolls
  A shadow imp (D:6)
  An ufetubus (D:4)
  3 worms
  2 dart slugs (D:1)
  12 orcs
  6 bats
  6 endoplasms
  3 giant cockroaches
  8 goblins
  7 hobgoblins
  4 quokkas
  5 ball pythons
  12 kobolds
  5 rats
116 creatures vanquished.

Vanquished Creatures (collateral kills)
  A foxfire (D:5)
1 creature vanquished.

Vanquished Creatures (others)
  265 foxfires
265 creatures vanquished.

Grand Total: 382 creatures vanquished

Notes
Turn   | Place    | Note
-------+----------+-------------------------------------------
     0 | D:1      | BeingJoeMalik the Naga Fire Elementalist began the quest
                  | for the Orb.
     0 | D:1      | Reached XP level 1. HP: 15/15 MP: 3/3
   125 | D:1      | Reached XP level 2. HP: 22/22 MP: 1/5
   326 | D:1      | Learned a level 2 spell: Scorch
   811 | D:1      | Reached skill level 4 in Fire Magic
   811 | D:1      | Reached XP level 3. HP: 28/28 MP: 3/6
   908 | D:1      | Found a faded altar of an unknown god.
  1168 | D:2      | Learned a level 3 spell: Call Canine Familiar
  1338 | D:2      | Identified the ring "Wufruext" {Ice *Corrode rN+ Int+2}
  1543 | D:2      | Noticed Terence
  1771 | D:2      | Killed Terence
  1772 | D:2      | Reached XP level 4. HP: 36/36 MP: 0/7
  2185 | D:3      | Identified the ring "Plog" {rElec rN+++ Str+3 Slay-6 SInv}
  2275 | D:3      | Reached skill level 1 in Summonings
  2345 | D:3      | Reached XP level 5. HP: 27/42 MP: 1/8
  2464 | D:3      | Reached skill level 5 in Fire Magic
  2533 | D:3      | Identified the +0 robe of Yredelemnul's Reproof {*Corrode
                  | rC+ Slay+3 SInv}
  2691 | D:3      | Found a bloodstained altar of Trog.
  3196 | D:4      | Noticed an ogre
  3202 | D:4      | Killed an ogre
  3203 | D:4      | Reached XP level 6. HP: 49/49 MP: 3/9
  3828 | D:4      | Found the +7 great mace "Undeadhunter" {disrupt, rN+}
  3871 | D:4      | Noticed a necrophage
  3879 | D:4      | Reached skill level 6 in Fire Magic
  3884 | D:4      | Killed a necrophage
  3885 | D:4      | Reached skill level 1 in Evocations
  3885 | D:4      | Reached XP level 7. HP: 36/55 MP: 1/10
  4361 | D:4      | Learned a level 1 spell: Animate Skeleton
  4362 | D:5      | Entered Level 5 of the Dungeon
  4401 | D:5      | Found Palizurhi's Weapon Emporium.
  5676 | D:5      | Found a glowing silver altar of Zin.
  5913 | D:6      | Reached skill level 7 in Fire Magic
  5913 | D:6      | Reached XP level 8. HP: 37/62 MP: 5/11
  6746 | D:6      | Found a staircase to the Ecumenical Temple.
  6757 | Temple   | Entered the Ecumenical Temple
  6868 | Temple   | Became a worshipper of Hepliaklqana the Forgotten
  7003 | D:6      | Reached skill level 8 in Fire Magic
  7019 | D:6      | Gained mutation: Your spells are a little harder to cast,
                  | but a little more powerful. [potion of mutation]
  7019 | D:6      | Gained mutation: You possess an exceptional clarity of
                  | mind. [potion of mutation]
  7036 | D:6      | Reached skill level 1 in Fighting
  7057 | D:6      | Slain by a hornet zombie

Illustrated notes

Levels and vault maps discovered:
D:1:      nzn_arrival_settlement, layout_basic,
          shapermc_ecumenical_altar_totnotflames
D:2:      layout_loops_ring, minmay_bisected, uniq_terence
D:3:      layout_basic, mainiacjoe_overflow_surrounded_room
D:4:      layout_basic
D:5:      layout_loops_corners, zin_treasury, serial_shops,
          nicolae_shop_hallway_stairs, due_unseen_surprise
D:6:      minmay_diamond_boxcup, layout_loops_corners, grunt_gozag_breadcrumbs,
          minmay_temple_entry_purple_smoke, serial_shops, kennysheep_mini
Temple:   kb_temple_of_zot

Skill      XL: |  1  2  3  4  5  6  7  8 |
---------------+-------------------------+-----
Fire Magic     | 4 5 6 7 8 |  8.0
Summonings     | 1 2 3 |  3.9
Conjurations   | 2 3 4 |  4.9
Evocations     | 1 |  1.7
Fighting       | 1 |  1.0
Dodging        | |  1.5
Stealth        | |  3.0
Spellcasting   | |  2.0

Action                   |  1- 3 |  4- 6 |  7- 9 || total
-------------------------+-------+-------+-------++-------
Melee: Unarmed           |     1 |       |       ||     1
       Dagger            |     3 |       |       ||     3
       Whip              |    11 |    26 |    96 ||   133
       Great mace        |       |       |     1 ||     1
Throw: Dart              |       |     1 |     1 ||     2
 Cast: Foxfire           |    53 |    47 |    64 ||   164
       Scorch            |     2 |     7 |    30 ||    39
 Abil: Spit Poison       |    10 |     8 |    18 ||    36
  Use: Scroll            |       |    11 |     3 ||    14
       Potion            |       |       |     7 ||     7
 Stab: Sleeping          |       |       |     1 ||     1
Armor: Robe              |     4 |    10 |    49 ||    63
       Skin              |       |       |    29 ||    29
Dodge: Dodged            |    11 |    12 |    67 ||    90
